[Event "ICC tourney 2130 (75 10)"]
[Site "Internet Chess Club"]
[Date "2020.11.15"]
[Round "6"]
[White "abeamingpawn"]
[Black "sakethk"]
[Result "1-0"]
[ICCResult "Black checkmated"]
[WhiteElo "1143"]
[BlackElo "1151"]
[Opening "Giuoco Piano"]
[ECO "C50"]
[NIC "IG.02"]
[Time "17:02:08"]
[TimeControl "4500+10"]

1. e4 e5 2. Nf3 Nc6 3. Bc4 Bc5 4. Nc3 d6 5. d3 h6 6. Be3 Bb6 7. O-O Nge7 8.
Bxb6 axb6 9. d4 Bg4 10. Bb5 Bxf3 11. Qxf3 exd4 12. Nd5 O-O 13. Qd3 Nxd5 14.
exd5 Nb4 15. Qc4 Nxd5 16. Qxd5 c6 17. Bxc6 bxc6 18. Qxc6 Rc8 19. Qe4 Qf6 20.
Rad1 Rfe8 21. Qd3 Qe5 22. a4 Re6 23. h3 d5 24. Rfe1 Qf6 25. Rxe6 fxe6 26. b4
e5 27. Qb3 Qc6 28. Re1 e4 29. Rxe4 Qc4 30. Qxc4 Rxc4 31. Re5 Rxb4 32. Rxd5
Rxa4 33. Rb5 Ra1+ 34. Kh2 Ra2 35. Rxb6 Rxc2 36. f3 d3 37. Rd6 d2 38. Kg3 g5
39. f4 Kg7 40. fxg5 hxg5 41. Kf3 Kf7 42. g3 Rc3+ 43. Kg4 Rc5 44. Rxd2 Kf6
45. Kh5 Rb5 46. Rf2+ Ke6 47. g4 Rb3 48. Kxg5 Rxh3 49. Kg6 Rg3 50. g5 Ra3 51.
Kh6 Rh3+ 52. Kg7 Ke7 53. g6 Ke6 54. Kg8 Ke7 55. g7 Ke8 56. Re2+ Kd7 57. Re4
Rh1 58. Kf7 Rf1+ 59. Kg6 Rg1+ 60. Kf6 Rf1+ 61. Kg5 Rg1+ 62. Rg4 Re1 63. g8=Q
Re5+ 64. Kf6 Re1 65. Qd5+ Kc7 66. Rc4+ Kb6 67. Rc6+ Kb7 68. Qd7+ Kb8 69.
Rc8# {Black checkmated} 1-0

[Event "ICC tourney 2130 (75 10)"]
[Site "Internet Chess Club"]
[Date "2020.11.15"]
[Round "6"]
[White "MissCalculation"]
[Black "ashshy"]
[Result "1-0"]
[ICCResult "Black checkmated"]
[WhiteElo "1111"]
[BlackElo "1079"]
[Opening "Budapest defense"]
[ECO "A52"]
[NIC "QG.01"]
[Time "17:02:11"]
[TimeControl "4500+10"]

1. d4 Nf6 2. c4 e5 3. dxe5 Ng4 4. g3 Nxe5 5. Bg2 Nxc4 6. Nf3 Bb4+ 7. Nbd2
Nc6 8. O-O Nb6 9. a3 Be7 10. e4 d5 11. exd5 Nxd5 12. Re1 Be6 13. Ne4 h6 14.
b3 Qd7 15. Bh1 O-O-O 16. Bb2 Rhg8 17. b4 a6 18. Nc5 Bxc5 19. bxc5 f6 20. Rc1
Qf7 21. Qc2 Bg4 22. Qb3 Be6 23. Qc2 g5 24. Nd4 Nxd4 25. Bxd4 h5 26. c6 b6
27. Qd3 Rd6 28. Qxa6+ Kd8 29. Bxd5 Rxd5 30. Bxb6 Bc8 31. Qa7 h4 32. Rcd1
hxg3 33. Rxd5+ Qxd5 34. Qxc7# {Black checkmated} 1-0